 Dungeon Crawl Stone Soup version 0.28-a0-1429-gf3d713df7a (webtiles) character file.

Game seed: 214313255106937071

6 zap2161 the Skirmisher (level 1, -3/20 HPs)
             Began as a Hill Orc Fighter on Jan 8, 2022.
             Slain by a gnoll (6 damage)
             ... on level 1 of the Dungeon.
             The game lasted 00:02:25 (212 turns).

zap2161 the Skirmisher (Hill Orc Fighter)            Turns: 212, Time: 00:02:26

Health: -3/20      AC:  8    Str: 18    XL:     1   Next: 90%
Magic:  1/1        EV:  9    Int:  8    God:
Gold:   3          SH:  5    Dex: 16    Spells: 0/0 levels left

rFire   . . .      SeeInvis .   a - +0 war axe
rCold   . . .      Faith    .   c - +0 buckler
rNeg    . . .      Spirit   .   b - +0 scale mail
rPois   .          Reflect  .   (no helmet)
rElec   .          Harm     .   g - +0 cloak
rCorr   .          Rampage  .   (no gloves)
Will    .....                   (no boots)
Stlth   ..........              (no amulet)
HPRegen 0.06/turn               e - +6 ring of dexterity
MPRegen 0.07/turn               (no ring)

@: no status effects
A: no striking features
a: no special abilities


You were on level 1 of the Dungeon.
You visited 1 branch of the dungeon, and saw 1 of its levels.

You collected 23 gold pieces.
You spent 20 gold pieces at shops.

Inventory:

Hand Weapons
 a - a +0 war axe (weapon)
Armour
 b - a +0 scale mail (worn)
 c - a +0 buckler (worn)
 g - a +0 cloak (worn)
Jewellery
 e - a +6 ring of dexterity (left hand)
Scrolls
 f - 2 scrolls of identify
Potions
 d - a potion of might


   Skills:
 + Level 3.9 Fighting
 + Level 2.7 Axes
 + Level 3.4 Armour
 + Level 3.4 Shields


You couldn't memorise any spells.
You didn't know any spells.
Your spell library was empty.

Dungeon Overview and Level Annotations

Branches:
Dungeon (1/15)

Altars:

Shops:
D:1 [?


Message History

You hit the kobold.
You kill the kobold!
Found a leather armour.
There is an entrance to Lyloun's Antique Armour Emporium here.
Found a cloak.
A dart slug comes into view.
A rat comes into view.
The dart slug launches a dart at you.
The slug dart hits you but does no damage.
Found a hand axe.
Found a stone staircase leading down.
You hit the dart slug.
The dart slug is heavily wounded.
You hit the rat but do no damage. You block the dart slug's attack.
The rat closely misses you.
You slash the dart slug!
You kill the dart slug!
You hit the rat but do no damage. The rat completely misses you.
The rat bites you but does no damage.
You see here a dart slug corpse.
You hit the rat.
You kill the rat!
A gnoll comes into view. It is wielding a +0 flail.
The gnoll shouts!
You see here a +0 cloak.
g - a +0 cloak Keep equipping yourself?
Uppercase [Y]es or [N]o only, please.
Keep equipping yourself?
You start putting on your armour.
You continue putting on your +0 cloak. x4
The gnoll hits you with a +0 flail!
You finish putting on your +0 cloak.
You slash the gnoll!
The gnoll is severely wounded.
The gnoll hits you with a +0 flail.
* * * LOW HITPOINT WARNING * * *
You hit the gnoll but do no damage.
The gnoll is severely wounded.
A ball python comes into view.
You block the gnoll's attack. The gnoll hits you with a +0 flail.
You die...

... #.# #)# #.#
##.## ... # #g#
#
####.##@##.####
......††.....>#
####.##.#..##..
#.##.#..# #.##
#.......# ##
#... ###..#.##
#.###### #..#.#
#.###
#######..# #
##..###
.........#
###..'


You could see a gnoll.

Vanquished Creatures
  A dart slug (D:1)
  A kobold (D:1)
  A quokka (D:1)
  A rat (D:1)
4 creatures vanquished.

Notes
Turn   | Place    | Note
-------+----------+-------------------------------------------
     0 | D:1      | zap2161 the Hill Orc Fighter began the quest for the Orb.
     0 | D:1      | Reached XP level 1. HP: 19/19 MP: 1/1
   156 | D:1      | Found Lyloun's Antique Armour Emporium.
   157 | D:1      | Found Lysibb's Magic Scroll Shoppe.
   173 | D:1      | Bought a scroll of identify for 20 gold pieces
   212 | D:1      | Slain by a gnoll

Illustrated notes

Levels and vault maps discovered:
D:1:      dpeg_arrival_radiant, layout_loops_ring, serial_shops, shop,
          nicolae_shop_waterfront, shop_statue, nicolae_shop_hallway_stairs,
          minmay_misc_feat_hallway

Action                   || total
-------------------------++-------
Melee: War axe           ||     9
Armor: Scale mail        ||     2
Dodge: Dodged            ||     4
Block: Buckler           ||     2

Table legend: (Time is in decaauts)
 A = Elapsed time spent in this place.
 B = Non-inter-level travel time spent in this place.
 C = Inter-level travel time spent in this place.
 D = Time resting spent in this place.
 E = Time spent auto-exploring this place.
 F = Levels seen in this place.
 G = Mean time per level.
                   A        B        C        D        E       F      G
               +--------+--------+--------+--------+--------+-----+--------+
         Total |    214 |    214 |      0 |      0 |      0 |   1 |  214.0 |
       Dungeon |    214 |    214 |      0 |      0 |      0 |   1 |  214.0 |
               +--------+--------+--------+--------+--------+-----+--------+

Top non-repeatable levels by time:
     D:1: 214 daAuts
